[Event "42nd Olympiad Baku 2016 Open"]
[Site "Baku"]
[Date "2016.09.04"]
[Round "3.17"]
[White "Iturrizaga Bonelli, Eduardo"]
[Black "Saraci, Nderim"]
[Result "1-0"]
[ECO "D17"]
[WhiteElo "2650"]
[BlackElo "2337"]
[Annotator ""]
[PlyCount "109"]
[EventDate "2016.??.??"]
[EventCountry "AZE"]
[SourceTitle "playchess.com"]
[Source "ChessBase"]
[WhiteTeam "Venezuela"]
[BlackTeam "Kosovo"]
[WhiteTeamCountry "VEN"]
[BlackTeamCountry "KOS"]
[TimeControl "40/5400+30:1800+30"]

1. c4 {(00:00)} c6 {(00:00)} 2. d4 {(02:14)} d5 {(
00:04)} 3. Nc3 {(00:04)} Nf6 {(00:06)} 4. Nf3 {(00:23)}
dxc4 {(00:25)} 5. a4 {(00:31)} Bf5 {(00:14)} 6. Ne5 {
(02:18)} Nbd7 {(00:53)} 7. Nxc4 {(00:06)} Qc7 {(00:
31)} 8. g3 {(05:01)} e5 {(02:49)} 9. dxe5 {(10:14)} Nxe5 {
(01:06)} 10. Bf4 {(00:06)} Rd8 {(07:08)} 11. Qc1 {(
17:16)} Bd6 {(04:06)} 12. Nxd6+ {(05:14)} Qxd6 {(00:19)}
13. Bg2 {(00:05)} Qe7 {(10:42)} 14. O-O {(00:56)} O-O {
(03:20)} 15. Qe3 {(09:00)} Ng6 {(05:39)} 16. Qxe7 {
(15:19)} Nxe7 {(00:08)} 17. e4 {(00:02)} Be6 {(02:
39)} 18. a5 {(00:04)} Bb3 {(17:05)} 19. Ra3 {(08:28)} Be6
{(05:36)} 20. Na4 {(07:48)} Nd7 {(20:32)} 21. Rc1 {
(04:11)} Rfe8 {(01:27)} 22. Be3 {(05:49)} a6 {(06:
23)} 23. Rd3 {(01:05)} Ne5 {(01:00)} 24. Rxd8 {(00:04)}
Rxd8 {(00:07)} 25. Nc5 {(00:02)} Bc8 {(00:12)} 26. h3 {
(00:16)} Kf8 {(04:17)} 27. f4 {(00:50)} Nd7 {(00:
17)} 28. Nb3 {(01:41)} Ke8 {(02:39)} 29. Kf2 {(00:55)} f5
{(00:50)} 30. Bd4 {(01:14)} Nf6 {(01:08)} 31. exf5 {
(01:40)} Nxf5 {(01:21)} 32. Bc3 {(00:02)} Kf7 {(01:
08)} 33. Nc5 {(00:51)} Nd5 {(00:27)} 34. Be5 {(01:42)}
Nfe3 {(00:51)} 35. Bf3 {(00:43)} Nf5 {(00:53)} 36. Rd1 {
(00:58)} Nfe7 {(00:51)} 37. Ne4 {(00:34)} Ng6 {(00:
40)} 38. Bd4 {(00:41)} Kg8 {(00:23)} 39. h4 {(00:18)} Nde7
{(00:38)} 40. h5 {(00:00)} Nf8 {(00:00)} 41. Bc5 {(
04:48)} Nd5 {(03:17)} 42. Be7 {(07:14)} Rd7 {(05:19)} 43.
Ba3 {(00:04)} Nf6 {(02:18)} 44. Nxf6+ {(06:23)} gxf6 {
(00:32)} 45. Bxf8 {(00:04)} Rxd1 {(01:33)} 46. Bxd1 {
(00:10)} Kxf8 {(00:04)} 47. h6 {(00:08)} f5 {(02:
49)} 48. Bb3 {(02:12)} Bd7 {(08:35)} 49. Ke3 {(00:21)} c5
{(02:07)} 50. Bd5 {(00:25)} Ke7 {(01:54)} 51. Bxb7 {
(00:20)} Bb5 {(00:11)} 52. Kd2 {(00:34)} Kf6 {(00:
23)} 53. Kc3 {(00:06)} Kg6 {(00:10)} 54. Bc8 {(00:05)} Be2
{(01:03)} 55. Be6 {(01:09)} 1-0

[Event "42nd Olympiad Baku 2016 Open"]
[Site "Baku"]
[Date "2016.09.04"]
[Round "3.27"]
[White "Jones, Gawain C B"]
[Black "Lesiege, Alexandre"]
[Result "1-0"]
[ECO "A30"]
[WhiteElo "2635"]
[BlackElo "2512"]
[Annotator ""]
[PlyCount "57"]
[EventDate "2016.??.??"]
[EventCountry "AZE"]
[SourceTitle "playchess.com"]
[Source "ChessBase"]
[WhiteTeam "England"]
[BlackTeam "Canada"]
[WhiteTeamCountry "ENG"]
[BlackTeamCountry "CAN"]
[TimeControl "40/5400+30:1800+30"]

1. c4 {(00:00)} c5 {(00:41)} 2. Nf3 {(00:07)} Nc6 {
(01:12)} 3. Nc3 {(00:09)} g6 {(00:14)} 4. e3 {(02:
10)} Nf6 {(00:37)} 5. d4 {(00:19)} cxd4 {(00:06)} 6. exd4
{(00:11)} d5 {(00:06)} 7. Bg5 {(01:17)} Be6 {(03:
11)} 8. Bxf6 {(07:11)} exf6 {(00:08)} 9. c5 {(00:17)} Bg7
{(07:33)} 10. Bb5 {(00:15)} O-O {(00:21)} 11. h3 {(
05:52)} g5 {(13:59)} 12. O-O {(04:28)} Ne7 {(06:10)} 13.
Bd3 {(06:56)} Qd7 {(24:07)} 14. Re1 {(01:15)} h5 {(
04:21)} 15. Nh2 {(03:50)} h4 {(07:01)} 16. Qh5 {(05:09)}
Rfe8 {(02:52)} 17. Nb5 {(18:24)} Bf5 {(07:17)} 18. Nd6 {
(04:05)} Bxd3 {(00:32)} 19. Qxf7+ {(00:18)} Kh8 {(
00:28)} 20. Nxe8 {(11:38)} Rxe8 {(00:03)} 21. Ng4 {(00:11]
} Qd8 {(08:52)} 22. Nxf6 {(00:35)} Bxf6 {(02:47)} 23.
Qxf6+ {(00:07)} Kg8 {(02:46)} 24. Qxg5+ {(00:42)} Ng6 {
(00:34)} 25. Rxe8+ {(00:17)} Qxe8 {(00:00)} 26. Qxd5+ {
(00:20)} Kh8 {(01:09)} 27. Qxb7 {(00:54)} Bb5 {(01:
40)} 28. Qf3 {(01:40)} Qe7 {(02:50)} 29. a4 {(01:17)} 1-0

[Event "42nd Olympiad Baku 2016 Open"]
[Site "Baku"]
[Date "2016.09.04"]
[Round "3.1"]
[White "Jones, Richard S"]
[Black "Mohammed, Zozek Salah Mohamme"]
[Result "1/2-1/2"]
[ECO "C11"]
[WhiteElo "2396"]
[BlackElo "2251"]
[Annotator ""]
[PlyCount "81"]
[EventDate "2016.??.??"]
[EventCountry "AZE"]
[SourceTitle "playchess.com"]
[Source "ChessBase"]
[WhiteTeam "Wales"]
[BlackTeam "Iraq"]
[WhiteTeamCountry "WLS"]
[BlackTeamCountry "IRQ"]
[TimeControl "40/5400+30:1800+30"]

1. e4 {(00:00)} e6 {(00:00)} 2. d4 {(00:00)} d5 {(
00:00)} 3. Nc3 {(00:00)} Nf6 {(00:00)} 4. e5 {(00:00)}
Nfd7 {(00:00)} 5. f4 {(00:00)} c5 {(00:00)} 6. Nf3 {
(00:04)} Nc6 {(00:00)} 7. Be3 {(00:06)} cxd4 {(00:
26)} 8. Nxd4 {(00:04)} Qb6 {(00:08)} 9. Qd2 {(07:54)} Qxb2
{(01:33)} 10. Rb1 {(03:26)} Qa3 {(00:05)} 11. Bb5 {
(05:55)} Nxd4 {(00:44)} 12. Bxd4 {(10:41)} a6 {(02:
12)} 13. Bxd7+ {(02:18)} Bxd7 {(00:06)} 14. Rb3 {(00:36)}
Qe7 {(00:08)} 15. Rxb7 {(00:20)} Rc8 {(00:07)} 16. O-O {
(06:11)} Qa3 {(00:52)} 17. Rf3 {(16:39)} Qa5 {(17:
30)} 18. Kh1 {(10:17)} Bc5 {(02:04)} 19. Bxc5 {(00:15)}
Qxc5 {(02:09)} 20. Ne4 {(02:57)} Qxc2 {(21:38)} 21. Nd6+ {
(00:15)} Kf8 {(23:22)} 22. Qe1 {(00:08)} Rc7 {(13:
49)} 23. Rb8+ {(01:40)} Bc8 {(03:16)} 24. Nxc8 {(00:17)}
Rxc8 {(00:02)} 25. Rxc8+ {(00:08)} Qxc8 {(00:02)} 26. Qb4+
{(00:07)} Kg8 {(00:18)} 27. Rc3 {(00:04)} Qa8 {(00:
48)} 28. Rc7 {(02:14)} g6 {(05:30)} 29. Qe7 {(01:28)} Qf8
{(00:12)} 30. Qf6 {(00:08)} h5 {(00:17)} 31. f5 {(
17:42)} Qg7 {(02:35)} 32. Rc8+ {(04:26)} Kh7 {(00:01)} 33.
fxg6+ {(00:07)} fxg6 {(00:19)} 34. Rxh8+ {(00:05)} Kxh8 {
(01:57)} 35. Qxe6 {(00:05)} d4 {(01:04)} 36. Qd6 {(
02:12)} d3 {(00:21)} 37. h3 {(00:20)} Kh7 {(01:56)} 38. e6
{(04:25)} d2 {(02:09)} 39. Qxd2 {(00:25)} Qa1+ {(
00:06)} 40. Kh2 {(00:00)} Qe5+ {(00:00)} 41. Kg1 {(01:10)}
1/2-1/2

[Event "42nd Olympiad Baku 2016 Open"]
[Site "Baku"]
[Date "2016.09.04"]
[Round "3.7"]
[White "Jurcik, Marian"]
[Black "Gelashvili, Tamaz"]
[Result "1/2-1/2"]
[ECO "B00"]
[WhiteElo "2484"]
[BlackElo "2575"]
[Annotator ""]
[PlyCount "83"]
[EventDate "2016.??.??"]
[EventCountry "AZE"]
[SourceTitle "playchess.com"]
[Source "ChessBase"]
[WhiteTeam "Slovakia"]
[BlackTeam "Georgia"]
[WhiteTeamCountry "SVK"]
[BlackTeamCountry "GEO"]
[TimeControl "40/5400+30:1800+30"]

1. e4 {(00:00)} Nc6 {(00:00)} 2. Nf3 {(00:29)} d6 {
(00:00)} 3. d4 {(00:16)} Nf6 {(00:00)} 4. c3 {(01:
21)} g6 {(02:07)} 5. Bd3 {(02:34)} Bg7 {(00:10)} 6. O-O {
(00:18)} O-O {(00:06)} 7. Re1 {(01:43)} e5 {(01:43]
} 8. h3 {(00:18)} h6 {(13:55)} 9. Nbd2 {(10:36)} Nh5 {
(01:10)} 10. dxe5 {(16:03)} Nf4 {(06:46)} 11. Bc4 {
(02:41)} Nxe5 {(03:42)} 12. Nxe5 {(00:38)} dxe5 {(
00:10)} 13. Nf3 {(04:43)} Qf6 {(00:27)} 14. Bxf4 {(05:26)}
Qxf4 {(00:34)} 15. Qc1 {(02:56)} Qxc1 {(00:14)} 16. Raxc1
{(00:06)} Rd8 {(00:32)} 17. Rcd1 {(01:03)} Bd7 {(
00:09)} 18. Bd5 {(21:12)} c6 {(00:41)} 19. Bb3 {(00:14)}
Be8 {(01:47)} 20. h4 {(02:16)} h5 {(01:23)} 21. Ng5 {
(03:14)} Kf8 {(01:23)} 22. g3 {(00:20)} Rxd1 {(06:
55)} 23. Rxd1 {(00:07)} a5 {(00:58)} 24. a4 {(05:06)} Ke7
{(02:02)} 25. f4 {(00:55)} Rb8 {(03:17)} 26. Bc4 {(
05:33)} b5 {(09:49)} 27. axb5 {(00:02)} cxb5 {(00:06)} 28.
Bd5 {(00:14)} a4 {(06:06)} 29. f5 {(03:21)} Rc8 {(
09:54)} 30. fxg6 {(00:39)} fxg6 {(00:17)} 31. Rd3 {(06:03]
} Bh6 {(00:23)} 32. Rf3 {(00:26)} Rb8 {(12:08)} 33. Rf2 {
(01:34)} Rb6 {(03:18)} 34. Kf1 {(02:11)} Rf6 {(07:
05)} 35. Ke2 {(00:29)} Rxf2+ {(02:10)} 36. Kxf2 {(00:01)}
Bg7 {(01:18)} 37. Ke3 {(00:33)} Kd6 {(00:45)} 38. Kd3 {
(01:30)} Bf6 {(00:09)} 39. Ke3 {(01:31)} Kc5 {(02:
21)} 40. Ne6+ {(00:00)} Kb6 {(00:00)} 41. Kd3 {(03:57)}
Bd7 {(06:55)} 42. Nf8 {(01:22)} 1/2-1/2

[Event "42nd Olympiad Baku 2016 Open"]
[Site "Baku"]
[Date "2016.09.04"]
[Round "3.10"]
[White "Kadric, Denis"]
[Black "Nikolov, Momchil"]
[Result "1/2-1/2"]
[ECO "C54"]
[WhiteElo "2583"]
[BlackElo "2585"]
[Annotator ""]
[PlyCount "69"]
[EventDate "2016.??.??"]
[EventCountry "AZE"]
[SourceTitle "playchess.com"]
[Source "ChessBase"]
[WhiteTeam "Bosnia  Herzegovina"]
[BlackTeam "Bulgaria"]
[WhiteTeamCountry "BIH"]
[BlackTeamCountry "BUL"]
[TimeControl "40/5400+30:1800+30"]

1. e4 {(00:00)} e5 {(00:00)} 2. Bc4 {(00:00)} Nc6 {
(01:55)} 3. Nf3 {(00:00)} Bc5 {(00:17)} 4. c3 {(00:
00)} Nf6 {(00:24)} 5. d3 {(00:00)} a6 {(00:44)} 6. O-O {
(00:00)} Ba7 {(01:09)} 7. Bb3 {(01:57)} d6 {(00:38]
} 8. h3 {(00:34)} h6 {(00:56)} 9. Be3 {(00:03)} O-O {
(01:28)} 10. Nbd2 {(00:18)} Be6 {(08:56)} 11. Bc2 {
(00:06)} d5 {(11:02)} 12. Bxa7 {(06:31)} Rxa7 {(00:
18)} 13. d4 {(03:56)} exd4 {(10:46)} 14. e5 {(00:07)} dxc3
{(03:14)} 15. exf6 {(00:03)} cxd2 {(00:20)} 16. fxg7 {
(00:02)} Kxg7 {(00:15)} 17. Qxd2 {(00:43)} Qf6 {(
00:43)} 18. Rae1 {(05:56)} Rg8 {(06:06)} 19. Re3 {(06:40)}
Kh8 {(04:52)} 20. Rfe1 {(04:12)} Raa8 {(09:28)} 21. Ne5 {
(06:03)} Nxe5 {(06:09)} 22. Rxe5 {(00:02)} Rxg2+ {(
03:21)} 23. Kxg2 {(13:11)} Rg8+ {(00:10)} 24. Kf1 {(00:01]
} Bxh3+ {(01:31)} 25. Ke2 {(00:01)} Qxe5+ {(01:21)} 26.
Kd1 {(00:02)} Bg4+ {(11:07)} 27. Kc1 {(00:03)} Qg5 {
(00:29)} 28. f4 {(00:04)} Qf6 {(00:59)} 29. Qxd5 {(
01:04)} Qxf4+ {(01:31)} 30. Kb1 {(00:03)} Be6 {(05:19)}
31. Qd3 {(02:28)} Rg7 {(00:41)} 32. Qd8+ {(00:05)} Rg8 {
(00:08)} 33. Qd3 {(00:01)} Rg7 {(05:09)} 34. Qd8+ {
(00:04)} Rg8 {(00:08)} 35. Qd3 {(00:03)} 1/2-1/2

[Event "42nd Olympiad Baku 2016 Open"]
[Site "Baku"]
[Date "2016.09.04"]
[Round "3.10"]
[White "Karttunen, Mika"]
[Black "Ladva, Ottomar"]
[Result "1/2-1/2"]
[ECO "B23"]
[WhiteElo "2458"]
[BlackElo "2501"]
[Annotator ""]
[PlyCount "101"]
[EventDate "2016.??.??"]
[EventCountry "AZE"]
[SourceTitle "playchess.com"]
[Source "ChessBase"]
[WhiteTeam "Finland"]
[BlackTeam "Estonia"]
[WhiteTeamCountry "FIN"]
[BlackTeamCountry "EST"]
[TimeControl "40/5400+30:1800+30"]

1. e4 {(00:00)} c5 {(00:00)} 2. Nc3 {(00:00)} e6 {(
00:00)} 3. Nf3 {(00:07)} Nc6 {(00:06)} 4. Bb5 {(00:21)}
Nd4 {(00:08)} 5. Bd3 {(02:54)} a6 {(00:31)} 6. Nxd4 {
(00:43)} cxd4 {(00:03)} 7. Ne2 {(00:11)} e5 {(02:
19)} 8. O-O {(14:23)} Nf6 {(01:40)} 9. f4 {(08:20)} d6 {
(00:48)} 10. c3 {(06:40)} dxc3 {(07:53)} 11. dxc3 {
(00:10)} Be7 {(05:14)} 12. Kh1 {(05:38)} O-O {(01:
39)} 13. Ng3 {(05:26)} Ne8 {(18:19)} 14. Bc4 {(08:21)}
exf4 {(06:12)} 15. Bxf4 {(02:27)} Bg5 {(08:31)} 16. Qd2 {
(12:43)} Bxf4 {(08:54)} 17. Qxf4 {(00:15)} Qe7 {(
02:46)} 18. Rad1 {(03:16)} Be6 {(02:14)} 19. Bd5 {(04:01)}
Rd8 {(01:31)} 20. Nh5 {(04:24)} g6 {(02:10)} 21. Ng3 {
(02:14)} Bxd5 {(03:19)} 22. exd5 {(00:24)} f5 {(02:
25)} 23. Rfe1 {(04:42)} Qd7 {(01:37)} 24. Ne2 {(03:10)}
Nf6 {(00:46)} 25. Qd4 {(07:46)} g5 {(02:29)} 26. Ng3 {
(02:03)} f4 {(00:51)} 27. Re6 {(00:28)} fxg3 {(02:
03)} 28. Rxf6 {(00:04)} Qg7 {(01:08)} 29. Rxf8+ {(01:30)}
Rxf8 {(00:05)} 30. Qg4 {(00:12)} Qe5 {(02:20)} 31. hxg3 {
(00:40)} Kg7 {(03:38)} 32. Qd4 {(01:08)} Qxd4 {(01:
10)} 33. Rxd4 {(00:04)} Rf2 {(01:05)} 34. Rb4 {(00:28)} b5
{(00:03)} 35. a4 {(00:14)} bxa4 {(00:55)} 36. Rxa4 {
(01:12)} Kf6 {(00:03)} 37. Rxa6 {(00:30)} Ke5 {(00:
01)} 38. b3 {(00:53)} Rc2 {(04:38)} 39. c4 {(00:15)} Rc3 {
(00:02)} 40. Rb6 {(00:00)} Rxg3 {(00:00)} 41. b4 {(
02:43)} h5 {(03:02)} 42. Rb8 {(07:27)} Rc3 {(04:28)} 43.
Rc8 {(03:24)} g4 {(01:25)} 44. Kh2 {(00:25)} h4 {(
00:37)} 45. Re8+ {(05:00)} Kf4 {(02:52)} 46. c5 {(06:12)}
g3+ {(01:05)} 47. Kh3 {(00:06)} Rc1 {(00:10)} 48. Rf8+ {
(01:35)} Kg5 {(00:16)} 49. Rg8+ {(00:15)} Kh5 {(00:
11)} 50. Rh8+ {(00:13)} Kg5 {(00:04)} 51. Rg8+ {(00:16)}
1/2-1/2

[Event "42nd Olympiad Baku 2016 Open"]
[Site "Baku"]
[Date "2016.09.04"]
[Round "3.3"]
[White "Kett, Tim"]
[Black "Al-Saffar, Araz Basim Mohammed"]
[Result "1/2-1/2"]
[ECO "C54"]
[WhiteElo "2227"]
[BlackElo "2361"]
[Annotator ""]
[PlyCount "99"]
[EventDate "2016.??.??"]
[EventCountry "AZE"]
[SourceTitle "playchess.com"]
[Source "ChessBase"]
[WhiteTeam "Wales"]
[BlackTeam "Iraq"]
[WhiteTeamCountry "WLS"]
[BlackTeamCountry "IRQ"]
[TimeControl "40/5400+30:1800+30"]

1. e4 {(00:00)} e5 {(00:00)} 2. Nf3 {(00:00)} Nc6 {
(00:35)} 3. Bc4 {(00:39)} Bc5 {(00:39)} 4. c3 {(00:
32)} Nf6 {(00:37)} 5. d4 {(00:25)} exd4 {(00:54)} 6. cxd4
{(00:07)} Bb4+ {(00:02)} 7. Nc3 {(01:05)} Nxe4 {(
02:00)} 8. O-O {(00:20)} Bxc3 {(00:12)} 9. d5 {(00:09)}
Ne5 {(00:15)} 10. bxc3 {(00:21)} Nxc4 {(00:07)} 11. Qd4 {
(00:18)} O-O {(00:06)} 12. Qxe4 {(00:10)} Nd6 {(00:
05)} 13. Qf4 {(00:10)} Ne8 {(01:08)} 14. c4 {(22:26)} Qf6
{(21:44)} 15. Qxf6 {(02:19)} Nxf6 {(02:30)} 16. Bb2 {
(08:14)} d6 {(05:57)} 17. Rfe1 {(04:12)} Bd7 {(01:
35)} 18. Re7 {(16:20)} Rad8 {(04:36)} 19. Bxf6 {(08:01)}
gxf6 {(00:14)} 20. Rb1 {(00:15)} b6 {(01:29)} 21. Nd4 {
(00:22)} Rfe8 {(05:11)} 22. Rbe1 {(00:58)} a6 {(06:
03)} 23. Kf1 {(09:47)} Kf8 {(00:32)} 24. Rxe8+ {(01:36)}
Rxe8 {(00:10)} 25. Rxe8+ {(00:15)} Kxe8 {(00:22)} 26. Ke2
{(00:15)} Ba4 {(14:02)} 27. Kd3 {(03:37)} Kd7 {(02:
37)} 28. Nf5 {(11:26)} b5 {(09:47)} 29. Nh6 {(01:40)}
bxc4+ {(00:05)} 30. Kxc4 {(01:25)} c6 {(00:54)} 31. Ng8 {
(01:35)} cxd5+ {(00:24)} 32. Kxd5 {(05:29)} Bc6+ {(
00:10)} 33. Kd4 {(00:04)} Ke6 {(00:06)} 34. g4 {(00:58)}
Bg2 {(05:58)} 35. Ke3 {(00:43)} Bh3 {(01:39)} 36. Kf4 {
(00:48)} Bf1 {(01:28)} 37. h4 {(00:40)} a5 {(00:30]
} 38. Ke4 {(00:39)} a4 {(01:45)} 39. a3 {(00:06)} Bg2+ {
(00:01)} 40. Kd4 {(00:00)} Bf3 {(00:00)} 41. Nh6 {(
02:20)} f5 {(18:16)} 42. gxf5+ {(03:28)} Kf6 {(01:30)} 43.
Ke3 {(00:12)} Bd1 {(10:13)} 44. f3 {(04:56)} Bb3 {(
01:00)} 45. Kf4 {(00:42)} Kg7 {(00:11)} 46. Ng4 {(00:30)}
f6 {(00:09)} 47. Ne3 {(05:49)} Kh6 {(01:35)} 48. Ng4+ {
(00:19)} Kg7 {(00:07)} 49. Ne3 {(00:05)} Kh6 {(02:
09)} 50. Ng4+ {(00:09)} 1/2-1/2

[Event "42nd Olympiad Baku 2016 Open"]
[Site "Baku"]
[Date "2016.09.04"]
[Round "3.13"]
[White "Kigigha, Bomo"]
[Black "Gomez, John Paul"]
[Result "0-1"]
[ECO "A11"]
[WhiteElo "2340"]
[BlackElo "2492"]
[Annotator ""]
[PlyCount "70"]
[EventDate "2016.??.??"]
[EventCountry "AZE"]
[SourceTitle "playchess.com"]
[Source "ChessBase"]
[WhiteTeam "Nigeria"]
[BlackTeam "Philippines"]
[WhiteTeamCountry "NGR"]
[BlackTeamCountry "PHI"]
[TimeControl "40/5400+30:1800+30"]

1. c4 {(00:00)} c6 {(00:00)} 2. Nf3 {(00:00)} d5 {(
00:00)} 3. g3 {(00:00)} g6 {(00:03)} 4. Bg2 {(00:19)} Bg7
{(00:07)} 5. O-O {(01:38)} e5 {(00:07)} 6. d3 {(05:
38)} Ne7 {(00:19)} 7. cxd5 {(02:40)} cxd5 {(00:07)} 8. e4
{(00:07)} O-O {(01:32)} 9. Nc3 {(04:12)} d4 {(00:
17)} 10. Ne2 {(00:09)} f6 {(00:54)} 11. Ne1 {(02:16)} Be6
{(01:16)} 12. f4 {(01:41)} Nd7 {(00:13)} 13. Bd2 {(
09:38)} a5 {(01:16)} 14. b4 {(18:17)} axb4 {(07:46)} 15.
Bxb4 {(00:09)} Re8 {(02:14)} 16. a3 {(11:49)} Nc6 {
(03:26)} 17. Nc2 {(02:03)} b6 {(02:54)} 18. fxe5 {(
04:02)} fxe5 {(01:51)} 19. Bd2 {(01:22)} Nc5 {(01:00)} 20.
Nc1 {(00:04)} Qd7 {(01:20)} 21. Rb1 {(04:36)} Na4 {
(01:02)} 22. Qe1 {(00:24)} Rec8 {(04:49)} 23. Rf2 {
(06:16)} Na7 {(17:13)} 24. Bb4 {(12:51)} Rc7 {(02:
03)} 25. Na1 {(08:49)} Rac8 {(05:33)} 26. Qd2 {(02:00)}
Nc3 {(02:05)} 27. Bxc3 {(01:05)} Rxc3 {(00:27)} 28. Qb2 {
(01:06)} Bh6 {(02:19)} 29. Rf1 {(00:43)} b5 {(01:
18)} 30. Rd1 {(00:29)} b4 {(13:45)} 31. axb4 {(00:21)} Qa4
{(04:47)} 32. Rf1 {(00:45)} Nb5 {(00:56)} 33. Ne2 {
(00:29)} Rxd3 {(03:00)} 34. Nf4 {(00:31)} exf4 {(
00:30)} 35. gxf4 {(00:30)} Rf8 {(02:42)} 0-1

[Event "42nd Olympiad Baku 2016 Open"]
[Site "Baku"]
[Date "2016.09.04"]
[Round "3.22"]
[White "Kosic, Dragan"]
[Black "Cori, Jorge"]
[Result "0-1"]
[ECO "D05"]
[WhiteElo "2517"]
[BlackElo "2609"]
[Annotator ""]
[PlyCount "58"]
[EventDate "2016.??.??"]
[EventCountry "AZE"]
[SourceTitle "playchess.com"]
[Source "ChessBase"]
[WhiteTeam "Montenegro"]
[BlackTeam "Peru"]
[WhiteTeamCountry "MNE"]
[BlackTeamCountry "PER"]
[TimeControl "40/5400+30:1800+30"]

1. d4 {(00:00)} e6 {(00:00)} 2. Nf3 {(00:01)} c5 {(
00:00)} 3. e3 {(01:35)} Nf6 {(00:07)} 4. Bd3 {(00:28)} d5
{(02:47)} 5. b3 {(01:20)} Nc6 {(01:10)} 6. O-O {(
00:22)} b6 {(01:55)} 7. Bb2 {(00:16)} Bb7 {(00:04)} 8. c4
{(00:07)} cxd4 {(01:21)} 9. exd4 {(00:22)} Bd6 10. Nc3 {
(03:42)} dxc4 {(02:25)} 11. bxc4 {(01:07)} O-O {(
00:21)} 12. Re1 {(01:55)} Ne7 {(20:31)} 13. Ne5 {(05:41)}
Rc8 {(01:18)} 14. Re3 {(02:38)} Ng6 {(16:08)} 15. Ne2 {
(14:33)} Qc7 {(01:17)} 16. f4 {(03:47)} Rfd8 {(00:
46)} 17. Qe1 {(01:18)} Ba8 {(08:06)} 18. Qg3 {(04:06)} Qb7
{(01:41)} 19. Qh3 {(05:54)} b5 {(07:23)} 20. cxb5 {
(04:11)} Nd5 {(04:43)} 21. Rg3 {(06:05)} Nb4 {(01:
08)} 22. Bxg6 {(15:52)} hxg6 {(01:08)} 23. Nc3 {(00:37)}
Bxe5 {(12:12)} 24. fxe5 {(01:52)} Rxd4 {(00:06)} 25. Rf1 {
(00:31)} Rd2 {(03:02)} 26. Bc1 {(05:12)} Rd3 {(08:
54)} 27. Ne2 {(05:54)} Rc2 {(00:47)} 28. Nf4 {(02:32)}
Rxg3 {(00:04)} 29. Qxg3 {(00:19)} Nd3 {(02:24)} 0-1

[Event "42nd Olympiad Baku 2016 Open"]
[Site "Baku"]
[Date "2016.09.04"]
[Round "3.32"]
[White "Kostenko, Petr"]
[Black "Kozul, Zdenko"]
[Result "1/2-1/2"]
[ECO "B52"]
[WhiteElo "2476"]
[BlackElo "2622"]
[Annotator ""]
[PlyCount "81"]
[EventDate "2016.??.??"]
[EventCountry "AZE"]
[SourceTitle "playchess.com"]
[Source "ChessBase"]
[WhiteTeam "Kazakhstan"]
[BlackTeam "Croatia"]
[WhiteTeamCountry "KAZ"]
[BlackTeamCountry "CRO"]
[TimeControl "40/5400+30:1800+30"]

1. e4 {(00:00)} c5 {(00:00)} 2. Nf3 {(00:00)} d6 {(
00:18)} 3. Bb5+ {(00:31)} Bd7 {(01:35)} 4. Bxd7+ {(00:09)}
Nxd7 {(01:00)} 5. O-O {(00:24)} Ngf6 {(00:46)} 6. Qe2 {
(00:21)} e6 {(03:16)} 7. c3 {(00:13)} Be7 {(00:07)}
8. d4 {(01:49)} cxd4 {(00:10)} 9. cxd4 {(00:06)} d5 {
(00:12)} 10. e5 {(00:38)} Ne4 {(00:06)} 11. Ne1 {(
03:30)} Qb6 {(01:46)} 12. Be3 {(05:05)} f6 {(04:41)} 13.
Nc3 {(35:43)} Nxc3 {(04:53)} 14. bxc3 {(00:03)} O-O {
(00:08)} 15. exf6 {(13:31)} Bxf6 {(06:07)} 16. Nd3 {
(00:17)} Rac8 {(01:16)} 17. Bd2 {(01:44)} Qa6 {(07:
12)} 18. Rfe1 {(00:58)} Rfe8 {(00:59)} 19. Qf3 {(12:35)}
Qa4 {(05:03)} 20. Re2 {(01:51)} b6 {(02:13)} 21. g3 {
(10:54)} Nf8 {(17:11)} 22. h4 {(00:38)} Re7 {(02:
21)} 23. Kg2 {(04:39)} Qc4 {(13:17)} 24. a4 {(04:02)} Rce8
{(03:49)} 25. a5 {(01:03)} b5 {(00:08)} 26. Rae1 {(
00:50)} Rf7 {(01:26)} 27. Qe3 {(00:57)} Nd7 {(00:21)} 28.
Nb4 {(00:54)} Nf8 {(07:47)} 29. Qd3 {(00:19)} Rc8 {
(00:09)} 30. Qb1 {(00:37)} Be7 {(01:01)} 31. Nd3 {(
00:22)} Bd6 {(00:05)} 32. Bf4 {(00:32)} Bxf4 {(00:16)} 33.
Nxf4 {(00:03)} Rxf4 {(00:36)} 34. gxf4 {(00:04)} Ng6 {
(00:03)} 35. Re3 {(00:24)} Rf8 {(02:19)} 36. Kg1 {(
00:20)} Rxf4 {(00:18)} 37. Rxe6 {(01:01)} Rg4+ {(00:42)}
38. Kh1 {(00:03)} Rxh4+ {(00:18)} 39. Kg1 {(00:18)} Rg4+ {
(08:07)} 40. Kh1 {(00:00)} Rh4+ {(00:00)} 41. Kg1 1/2-1/2